 Dungeon Crawl Stone Soup version 0.23-a0-335-gba3dfdf (webtiles) character file.

320460 sking99 the Slayer (level 21, -1/192 HPs)
             Began as a Merfolk Skald on Oct 17, 2018.
             Was the Champion of Okawaru.
             Slain by an ettin
             ... wielding a +0 dire flail
              (29 damage)
             ... on level 4 of the Vaults.
             The game lasted 02:31:01 (55994 turns).

sking99 the Slayer (Merfolk Skald)                 Turns: 55994, Time: 02:31:02

Health: -1/192     AC: 27    Str: 24    XL:     21   Next: 50%
Magic:  13/27      EV: 26    Int: 20    God:    Okawaru [******]
Gold:   3434       SH: 17    Dex: 19    Spells: 7/26 levels left

rFire    + + +     SeeInvis +   a - +5 demon trident (venom)
rCold    . . .     Gourm    .   p - +0 shield
rNeg     . . .     Faith    .   Q - +0 fire dragon scales
rPois    .         Spirit   .   x - +2 helmet
rElec    .         Reflect  .   K - +0 cloak {MR+}
rCorr    .         Harm     .   R - +1 pair of gloves {Str+3}
MR       ++...                  l - +0 pair of boots of Indemnity {rC+ Str+4 Dex+5}
Stlth    +++.......             j - amulet of the acrobat
HPRegen  1.42/turn              t - ring of see invisible
MPRegen  0.20/turn              m - ring "Amuzicich" {rF+ AC+4 Str+4 Stlth+}

@: lethally poisoned (-1 -> -2), heroism, marked, singing, regenerating
A: change form in water, swift swim, stealthy swim
}: 2/15 runes: barnacled, gossamer
a: Heroism, Finesse, Renounce Religion


You were on level 4 of the Vaults.
You worshipped Okawaru.
Okawaru was exalted by your worship.
You were near starving.

You visited 7 branches of the dungeon, and saw 36 of its levels.
You also visited: Labyrinth.

You collected 4833 gold pieces.
You spent 1399 gold pieces at shops.

Inventory:

Hand Weapons
 a - a +5 demon trident of venom (weapon)
 w - the +9 trident of Truncation {flame, rPois MR+++ Str-2 Int+3}
   (You took it off an orc on level 4 of the Dungeon)

   It has been specially enchanted to burn those struck by it, causing extra
   injury to most foes and up to half again as much damage against particularly
   susceptible opponents.
   It affects your strength (-2).
   It affects your intelligence (+3).
   It protects you from poison.
   It affects your resistance to hostile enchantments.
Missiles
 c - 28 javelins (quivered)
Armour
 l - the +0 pair of boots of Indemnity (worn) {rC+ Str+4 Dex+5}
   (You bought it in a shop on level 2 of the Orcish Mines)

   It affects your strength (+4).
   It affects your dexterity (+5).
   It protects you from cold.
 p - a +0 shield (worn)
 r - a +2 pair of boots
 x - a +2 helmet (worn)
 K - a +0 cloak of magic resistance (worn)
 Q - +0 fire dragon scales (worn)
 R - a +1 pair of gloves of strength (worn)
Jewellery
 j - an amulet of the acrobat (around neck)
 m - the ring "Amuzicich" (right hand) {rF+ AC+4 Str+4 Stlth+}
   (You bought it in a shop on level 2 of the Orcish Mines)

   [ring of protection]

   It affects your AC (+4).
   It affects your strength (+4).
   It protects you from fire.
   It makes you more stealthy.
 t - a ring of see invisible (left hand)
 A - an uncursed ring of positive energy
 C - a +6 ring of protection
 F - an uncursed ring of protection from fire
 O - an uncursed ring of resist corrosion
 W - an uncursed ring of protection from cold
Wands
 k - a wand of disintegration (59)
 z - a wand of flame (65)
 M - a wand of digging (4)
 P - a wand of iceblast (23)
 Y - a wand of acid (7)
Scrolls
 b - 3 scrolls of identify
 e - a scroll of amnesia
 f - 6 scrolls of fog
 h - 13 scrolls of teleportation
 s - 9 scrolls of enchant armour
 v - 3 scrolls of magic mapping
 y - 2 scrolls of fear
 B - 14 scrolls of remove curse
 E - 3 scrolls of immolation
 L - a scroll of summoning
 T - a scroll of silence
Potions
 g - 7 potions of curing
 n - 11 potions of flight
 q - 5 potions of haste
 u - 3 potions of ambrosia
 G - 6 potions of mutation
 H - 2 potions of resistance
 I - 4 potions of agility
 N - 3 potions of magic
 S - 3 potions of might
 U - 2 potions of cancellation
 V - 5 potions of brilliance
 X - 2 potions of invisibility
 Z - a potion of heal wounds
Miscellaneous
 i - a phantom mirror
 o - a phial of floods
 J - a lamp of fire (inert)
Comestibles
 d - 56 rations
 D - 12 chunks of flesh


   Skills:
 - Level 23.0(27) Fighting
 - Level 14.0(19.0) Polearms
 - Level 10.0(15.0) Armour
 - Level 15.9(20.9) Dodging
 - Level 15.0(20.0) Shields
 - Level 3.0 Spellcasting
 - Level 3.0 Hexes
 + Level 10.8 Charms
 - Level 4.0 Necromancy
 - Level 5.0 Translocations
 + Level 6.8 Air Magic
 - Level 8.0 Invocations
 - Level 6.8 Evocations


You had 7 spell levels left.
You knew the following spells:

 Your Spells              Type           Power        Failure   Level  Hunger
a - Spectral Weapon       Hex/Chrm       ####....     5%          3    ###....
b - Song of Slaying       Chrm           #####...     1%          2    ##.....
c - Shroud of Golubria    Chrm/Tloc      ####......   1%          2    ##.....
d - Regeneration          Chrm/Necr      ####......   4%          3    ###....
e - Deflect Missiles      Chrm/Air       #####.....   77%         6    #######
f - Blink                 Tloc           N/A          6%          2    ##.....
g - Infusion              Chrm           ####         1%          1    None

Your spell library contained the following spells:

 Spells                   Type           Power        Failure   Level  Hunger
 Swiftness                Chrm/Air       #####...     1%          2    ##.....
 Apportation              Tloc           ###...       3%          1    None
 Shock                    Conj/Air       ###.         8%          1    None
 Corona                   Hex            ###....      9%          1    None
 Slow                     Hex            ###.....     13%         2    ##.....
 Airstrike                Air            ####......   19%         4    ####...
 Static Discharge         Conj/Air       ###.....     22%         3    ###....
 Ensorcelled Hibernation  Hex/Ice        #.....       24%         2    ##.....
 Confuse                  Hex            ###.....     26%         3    ###....
 Tukima's Dance           Hex            ###.....     26%         3    ###....
 Beastly Appendage        Tmut           #.....       30%         1    None
 Flame Tongue             Conj/Fire      #....        30%         1    None
 Magic Dart               Conj           #...         30%         1    None
 Summon Small Mammal      Summ           #...         30%         1    None
 Mephitic Cloud           Conj/Pois/Air  ##......     34%         3    ###....
 Passage of Golubria      Tloc           N/A          36%         4    ####...
 Call Imp                 Summ           #.......     41%         2    ##.....
 Passwall                 Tmut/Erth      #.......     41%         2    ##.....
 Sticks to Snakes         Tmut           #.......     41%         2    ##.....
 Dazzling Spray           Conj/Hex       #.....       43%         3    ###....
 Summon Guardian Golem    Hex/Summ       #.......     43%         3    ###....
 Summon Lightning Spire   Summ/Air       ###.....     58%         4    ####...
 Cause Fear               Hex            ###.......   63%         4    ####...
 Call Canine Familiar     Summ           #.......     65%         3    ###....
 Conjure Flame            Conj/Fire      #.......     65%         3    ###....
 Ignite Poison            Fire/Tmut/Pois #.......     65%         3    ###....
 Spider Form              Tmut/Pois      #.........   65%         3    ###....
 Silence                  Hex/Air        ###.......   73%         5    ######.
 Lightning Bolt           Conj/Air       ###.......   90%         5    ######.
 Ice Form                 Ice/Tmut       #.......     96%         4    ####...
 Summon Ice Beast         Ice/Summ       #.......     96%         4    ####...
 Borgnjor's Vile Clutch   Necr/Erth      ##........   98%         5    ######.
 Metabolic Englaciation   Hex/Ice        #.........   99%         5    ######.
 Yara's Violent Unravell  Hex/Tmut       #.........   99%         5    ######.
 Blade Hands              Tmut           #.........   100%        5    ######.
 Fireball                 Conj/Fire      #.........   100%        5    ######.
 Irradiate                Conj/Tmut      #.........   100%        5    ######.
 Lee's Rapid Deconstruct  Erth           #.........   100%        5    ######.
 Bolt of Cold             Conj/Ice       #.........   100%        6    #######
 Darkness                 Hex            ###.......   100%        6    #######
 Freezing Cloud           Conj/Ice/Air   ##........   100%        6    #######
 Hydra Form               Tmut           #.........   100%        6    #######
 Invisibility             Hex            ###.....     100%        6    #######
 Ozocubu's Refrigeration  Ice            #.........   100%        6    #######
 Shadow Creatures         Summ           N/A          100%        6    #######
 Simulacrum               Ice/Necr       ##........   100%        6    #######
 Statue Form              Tmut/Erth      #........    100%        6    #######
 Dragon Form              Tmut           #.........   100%        7    #######
 Discord                  Hex            ###.......   100%        8    #######
 Disjunction              Tloc           ###.......   100%        8    #######


Dungeon Overview and Level Annotations

Branches:
Dungeon (15/15)            Temple (1/1) D:4            Lair (6/6) D:10
 Shoals (4/4) Lair:3       Spider (4/4) Lair:3        Slime (0/5) Lair:6
    Orc (2/2) D:12            Elf (0/3) Orc:2        Vaults (4/5) D:14
  Crypt (0/3) Vaults:2     Depths (0/5) D:15

Altars:
Ashenzari
Cheibriados
Dithmenos
Elyvilon
Fedhas
Gozag
Hepliaklqana
Kikubaaqudgha
Makhleb
Nemelex Xobeh
Okawaru
Qazlal
Ru
Sif Muna
Trog
Uskayaw
Vehumet
Wu Jian
Xom
Yredelemnul
Zin
The Shining One

Shops:
D:13 :   Orc:2 *((****=[   Vaults:2 }

Annotations:
D:11 2 transporters, tsouns's ghost, journeyman OpWn
D:12 2 runed doors, exclusion: door
Lair:4 exclusion: 5 oklob plants


Message History

You puncture the ettin!
The ettin is poisoned.
The ettin is lightly wounded.
You feel sick.
The orc knight no longer looks unusually strong.
Your spectral weapon hits the ettin!
The ettin closely misses you. You block the ettin's attack.
A deep troll comes into view.
You block the ogre mage's attack.
You hit the ettin.
The ettin looks even sicker.
The ettin is moderately wounded.
You feel sick.
Your spectral weapon hits the ettin.
The ettin looks as sick as possible!
You completely miss the ettin.
The ettin is moderately wounded.
Your spectral weapon barely misses the ettin.
The two-headed ogre hits you with a +0 giant club!!
* * * LOW HITPOINT WARNING * * *
The two-headed ogre misses you.
The ettin hits you with a +0 dire flail!!
You die...

#######
#.((..#
#(.# #)(#
.# #)(# .#
#.(# ..#
#(@# #####
..# #OC#
....#
#####..#
#Oo#......
.......#
#.L#O.....
.......#


#coTo.# ##''############H####### ......).ooh..ToTTp......
c..cOoeCoo...)oooc...... ...c.OOOoTo.o.[......... You could see an ironheart
preserver, a sphinx, a lich, a yaktaur captain, an orc knight, an ettin, a
two-headed ogre, an ogre mage (invisible), 3 deep trolls, a yaktaur, an orc
warrior, 2 orcs and a friendly spectral demon trident of venom.

Vanquished Creatures
  Nikola (Vaults:2)
  A titan (Shoals:1)
  A sphinx (Vaults:1)
  A tengu reaver (Vaults:4)
  2 fire giants
  3 frost giants
  17 vault wardens
  7 ghost moths
  8 emperor scorpions
  10 stone giants
  8 ironheart preservers
  5 entropy weavers
  A war gargoyle (Vaults:3)
  A deep elf annihilator (Vaults:3)
  A minotaur (Lab)
  A deep elf death mage (Vaults:1)
  A merfolk javelineer (Shoals:2)
  2 ettins
  2 great orbs of eyes
  4 merfolk impalers
  7 ogre magi
  9 yaktaur captains
  4 rakshasas
  7 hydras
  9 vault guards
  6 merfolk avatars
  2 ice dragons (Vaults:1)
  A catoblepas (shapeshifter) (Vaults:3)
  4 merfolk aquamancers
  19 two-headed ogres
  7 centaur warriors
  2 alligator snapping turtles
  A queen ant (Lair:6)
  A death knight (D:14)
  5 orc high priests (Orc:2)
  2 tengu warriors
  4 satyrs
  Urug (Lair:2)
  11 death yaks
  3 deep elf knights
  12 spriggans (Lair:6)
  A fire crab (shapeshifter) (D:15)
  6 deep trolls
  5 sea snakes
  3 unseen horrors
  3 wizards
  2 phantasmal warriors
  6 deep elf archers
  17 ironbrand convokers
  20 orc knights
  A stone giant zombie (Vaults:3)
  8 harpies
  A sphinx zombie (Vaults:3)
  33 wolf spiders
  A frost giant zombie (Vaults:3)
  17 orb spiders
  16 fauns
  A mana viper (shapeshifter) (Vaults:1)
  2 orc sorcerers (Orc:2)
  15 ugly things
  A necromancer (Vaults:3)
  10 deep elf magi
  3 oklob plants (Lair:5)
  13 manticores
  A moth of wrath (Spider:3)
  12 cyclopes
  A human skeleton (Vaults:3)
  2 centaur zombies
  7 elephants
  14 merfolk sirens
  5 water nymphs
  6 black mambas
  2 torpor snails (Spider:1)
  15 vault sentinels
  5 gargoyles
  A yaktaur zombie (Vaults:3)
  A komodo dragon (shapeshifter) (Vaults:3)
  11 spiny frogs
  A spiny frog (shapeshifter) (Vaults:2)
  2 rime drakes
  55 yaktaurs
  10 freezing wraiths
  A yaktaur (shapeshifter) (Vaults:4)
  8 komodo dragons
  18 demonic crawlers
  25 merfolk
  8 trolls
  6 meliai
  2 queen bees (shapeshifter)
  A tengu conjurer (D:11)
  23 hornets
  36 jumping spiders
  7 polar bears
  A wolf spider simulacrum (D:15)
  Prince Ribbit (D:4)
  10 slime creatures
  6 wind drakes
  2 hornets (shapeshifter)
  21 dream sheep
  A frost giant simulacrum (Vaults:3)
  18 hippogriffs
  26 blink frogs
  2 hippogriffs (shapeshifter)
  54 redbacks
  A shadow (D:10)
  8 snapping turtles
  11 water elementals
  5 wraiths
  3 vampires
  A fire bat (shapeshifter) (Vaults:4)
  Grum (D:9)
  34 tarantellas
  A human (D:14)
  78 yaks
  A basilisk (shapeshifter) (Vaults:1)
  3 wyverns
  2 hungry ghosts
  A steam dragon (D:12)
  6 vampire mosquitoes
  A human simulacrum (Vaults:1)
  Menkaure (D:5)
  9 wargs
  A warg (shapeshifter) (Vaults:3)
  2 acid dragons
  6 soldier ants
  13 water moccasins
  Duvessa (D:5)
  11 porcupines
  6 sky beasts
  52 orc warriors
  2 black bears
  6 ice beasts
  An eye of draining (shapeshifter) (Vaults:4)
  28 ogres
  2 phantoms
  2 necrophages
  6 boggarts
  20 wolves
  16 centaurs
  12 crocodiles
  A crocodile (shapeshifter) (Vaults:3)
  5 big kobolds
  21 bullfrogs
  A gnoll sergeant (D:12)
  A wyvern zombie (D:12)
  An earth elemental (Lab)
  Dowan (D:5)
  A wyvern skeleton (D:14)
  22 killer bees
  2 scorpions (D:12)
  6 electric eels
  12 wights
  8 howler monkeys
  2 lava snakes (D:14)
  9 crimson imps
  7 hounds
  7 jellies
  3 bullfrog zombies
  2 quasits (D:9)
  27 orc priests
  7 centaur skeletons
  A bullfrog skeleton (D:8)
  Ijyb (D:5)
  5 iguanas
  22 orc wizards
  A hell rat (D:10)
  Natasha (thrice) (D:4)
  21 worker ants
  15 gnolls
  A howler monkey skeleton (D:8)
  18 adders
  A river rat (D:10)
  5 shadow imps
  2 oozes (D:3)
  3 adder zombies
  An adder skeleton (D:6)
  A worm (D:5)
  A dart slug (D:1)
  7 leopard geckos
  93 orcs
  2 bats
  6 giant cockroaches
  14 goblins
  4 hobgoblins
  5 jackals
  9 kobolds
  6 quokkas
  7 frilled lizards
  A leopard gecko skeleton (D:5)
  2 leopard gecko zombies
  6 rats
1571 creatures vanquished.

Vanquished Creatures (others)
  A vault warden (Vaults:3)
  A boggart (Vaults:1)
  An ogre (Vaults:4)
  A killer bee (D:11)
  2 orcs
  24 fungi
  46 plants
  31 spectral weapons
  8 tentacles (Shoals:4)
115 creatures vanquished.

Grand Total: 1686 creatures vanquished

Notes
Turn   | Place    | Note
-------+----------+-------------------------------------------
     0 | D:1      | sking99 the Merfolk Skald began the quest for the Orb.
     0 | D:1      | Reached XP level 1. HP: 16/16 MP: 3/3
   268 | D:1      | Reached XP level 2. HP: 13/23 MP: 0/5
   552 | D:1      | Learned a level 2 spell: Song of Slaying
   555 | D:1      | Learned a level 2 spell: Shroud of Golubria
  1292 | D:2      | Reached XP level 3. HP: 28/28 MP: 0/6
  1970 | D:3      | Reached XP level 4. HP: 23/34 MP: 0/7
  2728 | D:3      | Reached XP level 5. HP: 29/39 MP: 9/9
  2949 | D:3      | Found a bloodstained altar of Trog.
  3040 | D:3      | Reached skill level 5 in Polearms
  3061 | D:3      | Learned a level 3 spell: Regeneration
  3594 | D:4      | Reached skill level 5 in Charms
  3594 | D:4      | Reached XP level 6. HP: 41/45 MP: 7/10
  3862 | D:4      | Found a staircase to the Ecumenical Temple.
  4331 | Temple   | Entered the Ecumenical Temple
  4516 | Temple   | Became a worshipper of Warmaster Okawaru
  4579 | D:4      | Noticed Natasha
  4593 | D:4      | Killed Natasha
  4610 | D:4      | Noticed Natasha
  4621 | D:4      | Killed Natasha
  4622 | D:4      | Identified the +9 trident of Truncation {flame, rPois MR+++
                  | Str-2 Int+3}
  4673 | D:4      | Noticed Natasha
  4762 | D:4      | Killed Natasha
  5012 | D:5      | Entered Level 5 of the Dungeon
  5012 | D:5      | Noticed Prince Ribbit
  5026 | D:4      | Killed Prince Ribbit
  5026 | D:4      | Reached * piety under Okawaru
  5026 | D:4      | Reached XP level 7. HP: 33/51 MP: 8/11
  5297 | D:5      | Noticed Dowan
  5298 | D:5      | Noticed Duvessa
  5315 | D:5      | Killed Duvessa
  5318 | D:5      | Killed Dowan
  5318 | D:5      | Reached XP level 8. HP: 52/57 MP: 9/12
  5323 | D:5      | Learned a level 3 spell: Spectral Weapon
  5514 | D:5      | Reached skill level 10 in Polearms
  5630 | D:5      | Noticed Ijyb
  5634 | D:5      | Killed Ijyb
  5634 | D:5      | Reached skill level 1 in Hexes
  5664 | D:5      | Noticed Menkaure
  5669 | D:5      | Killed Menkaure
  5692 | D:5      | Reached ** piety under Okawaru
  7162 | D:7      | Reached XP level 9. HP: 52/62 MP: 7/13
  7436 | D:7      | Reached skill level 1 in Shields
  7605 | D:7      | Reached *** piety under Okawaru
  8050 | D:8      | Reached skill level 5 in Shields
  8445 | D:9      | Reached XP level 10. HP: 30/68 MP: 4/14
  8456 | D:9      | HP: 3/68 [black bear (3)]
  8795 | D:9      | Noticed Grum
  8804 | D:9      | Killed Grum
  8804 | D:9      | Reached **** piety under Okawaru
  9235 | D:9      | Reached ***** piety under Okawaru
  9235 | D:9      | Reached skill level 10 in Shields
  9272 | D:9      | Reached XP level 11. HP: 8/73 MP: 1/15
  9603 | D:9      | Noticed a three-headed hydra
  9610 | D:9      | Killed a three-headed hydra
  9919 | D:9      | Received a gift from Okawaru
 10008 | D:10     | Entered Level 10 of the Dungeon
 10008 | D:10     | Found a staircase to the Lair.
 10008 | D:10     | Noticed a death yak
 10008 | D:10     | Noticed a death yak
 10008 | D:10     | Noticed a death yak
 10020 | D:9      | Killed a death yak
 10020 | D:9      | Reached skill level 1 in Invocations
 10172 | D:10     | Got a wavering wooden ring
 10174 | D:10     | Identified the ring of Mor Ynip {-Tele rC- MR+++ MP+9
                  | Dex+8} (You found it on level 10 of the Dungeon)
 10331 | D:10     | Killed a death yak
 10337 | D:10     | Killed a death yak
 10433 | D:10     | Reached skill level 5 in Dodging
 10572 | D:10     | Noticed a two-headed ogre
 10582 | D:10     | Killed a two-headed ogre
 11200 | Lair:1   | Entered Level 1 of the Lair of Beasts
 11252 | Lair:1   | Received a gift from Okawaru
 11294 | Lair:1   | Reached XP level 12. HP: 80/80 MP: 11/16
 11304 | Lair:1   | Reached ****** piety under Okawaru
 11570 | Lair:1   | Reached skill level 5 in Invocations
 12396 | Lair:2   | Noticed a seven-headed hydra
 12412 | Lair:2   | Killed a seven-headed hydra
 12683 | Lair:2   | Noticed Urug
 12701 | Lair:2   | Killed Urug
 13453 | Lair:3   | Received a gift from Okawaru
 13458 | Lair:3   | Found a labyrinth entrance.
 13476 | Lair:3   | Reached XP level 13. HP: 65/85 MP: 10/17
 13501 | Lab      | Entered a labyrinth
 17771 | Lab      | Noticed a minotaur
 17786 | Lab      | Killed a minotaur
 17786 | Lab      | Reached skill level 10 in Dodging
 18040 | Lair:3   | Reached skill level 15 in Shields
 18241 | Lair:3   | Found a hole to the Spider Nest.
 18753 | Lair:3   | Found a staircase to the Shoals.
 19451 | Lair:4   | Received a gift from Okawaru
 20605 | Lair:5   | Got a scorched trident
 20608 | Lair:5   | Identified the cursed +1 trident "Thing" {pierce, *Rage rF-
                  | rN+ Dex+6} (You found it on level 5 of the Lair of Beasts)
 20638 | Lair:5   | Reached skill level 1 in Armour
 20968 | Lair:5   | Reached XP level 14. HP: 68/91 MP: 5/18
 20986 | Lair:5   | Received a gift from Okawaru
 21000 | Lair:5   | Got a faintly humming helmet {god gift}
 21011 | Lair:5   | Identified the +0 helmet of Fallacy {Stlth+} (Okawaru
                  | gifted it to you on level 5 of the Lair of Beasts)
 21701 | Lair:5   | Got a translucent platinum ring
 21703 | Lair:5   | Identified the ring of Xom's Supremacy {MR+ Int-5 Dex+4
                  | SInv} (You found it on level 5 of the Lair of Beasts)
 21822 | Lair:6   | Entered Level 6 of the Lair of Beasts
 21887 | Lair:6   | Found a staircase to the Slime Pits.
 22490 | Lair:6   | Reached skill level 3 in Fighting
 22634 | Lair:6   | Reached skill level 4 in Fighting
 22634 | Lair:6   | Reached skill level 5 in Armour
 22781 | Lair:6   | Noticed an entropy weaver
 22788 | Lair:6   | Noticed an entropy weaver
 22792 | Lair:6   | Killed an entropy weaver
 22798 | Lair:6   | Killed an entropy weaver
 22824 | Lair:6   | Reached skill level 5 in Fighting
 23535 | Lair:6   | Reached skill level 6 in Fighting
 23780 | Lair:6   | Reached skill level 7 in Fighting
 24092 | Lair:6   | Received a gift from Okawaru
 24092 | Lair:6   | Reached XP level 15. HP: 110/110 MP: 12/19
 24124 | Lair:6   | Reached skill level 8 in Fighting
 24137 | Lair:6   | Received a gift from Okawaru
 24923 | D:11     | Reached skill level 9 in Fighting
 25646 | D:11     | Noticed tsouns's ghost (journeyman OpWn)
 25647 | D:11     | Found a transporter.
 25649 | D:11     | Found a transporter.
 26197 | D:12     | Found a staircase to the Orcish Mines.
 26234 | D:12     | Found a large runed door.
 26237 | D:12     | Found a large runed door.
 26361 | D:12     | Received a gift from Okawaru
 26712 | D:13     | Identified 2 scrolls of acquirement
 26733 | D:13     | Reached skill level 10 in Fighting
 26813 | D:13     | Found the +10 Black Knight's horse barding {ponderous,
                  | rPois rN+}
 27037 | D:13     | Found a sacrificial altar of Ru.
 27238 | D:13     | Found a shadowy altar of Dithmenos.
 27322 | D:13     | Found Vuett's Book Boutique.
 28531 | D:14     | Reached skill level 11 in Fighting
 28811 | D:14     | Reached XP level 16. HP: 102/125 MP: 20/20
 29012 | D:14     | Received a gift from Okawaru
 29190 | D:14     | Found a gate to the Vaults.
 29327 | D:15     | Entered Level 15 of the Dungeon
 29587 | D:15     | Reached skill level 10 in Charms
 30281 | D:15     | Reached skill level 12 in Fighting
 30584 | D:15     | Found a staircase to the Depths.
 30725 | D:15     | Got a pair of warped boots
 30726 | D:15     | Identified the +2 pair of boots "Suororuc" {rCorr Slay+2}
                  | (You found it on level 15 of the Dungeon)
 30757 | D:15     | Found a basalt altar of Yredelemnul.
 31093 | Orc:1    | Entered Level 1 of the Orcish Mines
 31312 | Orc:1    | Reached skill level 10 in Armour
 31684 | Orc:2    | Entered Level 2 of the Orcish Mines
 31684 | Orc:2    | Found Kauluit's Weapon Shop.
 32007 | Orc:2    | Received a gift from Okawaru
 32017 | Orc:2    | Found Yqiun's Antique Weapon Emporium.
 32028 | Orc:2    | Found Lisattuu's Assorted Antiques.
 32074 | Orc:2    | Found a staircase to the Elven Halls.
 32139 | Orc:2    | Found Beazann's Assorted Antiques.
 32642 | Orc:2    | Found Kulays's General Store.
 32696 | Orc:2    | Reached skill level 13 in Fighting
 33378 | Orc:2    | Found Etosin's General Store.
 33381 | Orc:2    | Found Heimu's Jewellery Shoppe.
 33382 | Orc:2    | Found Piptogg's General Store.
 33383 | Orc:2    | Found Raxohur's Armour Emporium.
 33400 | Orc:2    | Bought the cursed +0 pair of boots of Indemnity {rC+ Str+4
                  | Dex+5} for 481 gold pieces
 33402 | Orc:2    | Bought the ring "Amuzicich" {rF+ AC+4 Str+4 Stlth+} for 918
                  | gold pieces
 33897 | Spider:1 | Entered Level 1 of the Spider Nest
 34222 | Spider:1 | Reached skill level 15 in Dodging
 34262 | Spider:1 | Received a gift from Okawaru
 34262 | Spider:1 | Reached XP level 17. HP: 79/138 MP: 5/21
 34268 | Spider:1 | Reached skill level 14 in Fighting
 36840 | Spider:3 | Received a gift from Okawaru
 36856 | Spider:3 | Got a slimy chain mail {god gift}
 36857 | Spider:3 | Identified the +8 chain mail of Filth {*Slow rPois rN+
                  | Slay+5} (Okawaru gifted it to you on level 3 of the Spider
                  | Nest)
 36897 | Spider:3 | Learned a level 2 spell: Blink
 37064 | Spider:3 | Reached skill level 1 in Translocations
 38136 | Spider:4 | Entered Level 4 of the Spider Nest
 38267 | Spider:4 | Reached skill level 15 in Fighting
 39338 | Spider:4 | Received a gift from Okawaru
 40094 | Spider:4 | Reached skill level 5 in Translocations
 40094 | Spider:4 | Reached XP level 18. HP: 53/151 MP: 24/24
 40624 | Spider:4 | Reached skill level 16 in Fighting
 41261 | Spider:4 | Got a gossamer rune of Zot
 41441 | Shoals:1 | Entered Level 1 of the Shoals
 41601 | Shoals:1 | Reached skill level 17 in Fighting
 41644 | Shoals:1 | Noticed a titan
 41680 | Shoals:1 | Killed a titan
 42143 | Shoals:1 | Identified the cursed +1 robe of the Guardian {rC+ MP+9
                  | Dex+4}
 42221 | Shoals:1 | Found a runed door.
 42519 | Shoals:1 | Received a gift from Okawaru
 43012 | Shoals:2 | Reached skill level 18 in Fighting
 43205 | Shoals:2 | Received a gift from Okawaru
 43221 | Shoals:2 | Got a scorched trident {god gift}
 43222 | Shoals:2 | Identified the +6 trident "Myaroelu" {speed, rPois}
                  | (Okawaru gifted it to you on level 2 of the Shoals)
 44655 | Shoals:3 | Reached skill level 19 in Fighting
 44916 | Shoals:4 | Entered Level 4 of the Shoals
 44926 | Shoals:4 | Received a gift from Okawaru
 44970 | Shoals:4 | Reached XP level 19. HP: 35/166 MP: 12/25
 45197 | Shoals:4 | Identified the +1 scimitar of Vellup {holy, rPois Int-5
                  | Dex+6 SInv}
 45468 | Shoals:4 | Found the +8 lance "Wyrmbane" {slay drac, rPois rF+ rC+
                  | AC+3}
 46363 | Shoals:4 | Got a barnacled rune of Zot
 46772 | Shoals:4 | Received a gift from Okawaru
 46773 | Shoals:4 | Got a fine large shield {god gift}
 46774 | Shoals:4 | Identified the +3 large shield of Gyf Zile {rF+ MR- Int+4}
                  | (Okawaru gifted it to you on level 4 of the Shoals)
 47215 | Vaults:1 | Entered Level 1 of the Vaults
 47247 | Vaults:1 | Reached skill level 20 in Fighting
 48272 | Vaults:1 | Identified the Catalogue of Good Intentions
 48327 | Vaults:1 | Found the +6 arbalest "Damnation" {damnation}
 48729 | Vaults:1 | Reached skill level 21 in Fighting
 48764 | Vaults:1 | HP: 6/172 [deep elf archer/arrow (14)]
 49457 | Vaults:1 | Received a gift from Okawaru
 50378 | Vaults:2 | Reached XP level 20. HP: 164/182 MP: 26/26
 50392 | Vaults:2 | Noticed Nikola
 50398 | Vaults:2 | Received a gift from Okawaru
 50415 | Vaults:2 | Killed Nikola
 50415 | Vaults:2 | Reached skill level 22 in Fighting
 50939 | Vaults:2 | Found Xearchor's Gadget Boutique.
 50980 | Vaults:2 | Reached skill level 1 in Evocations
 51624 | Vaults:2 | Found a staircase to the Crypt.
 51624 | Vaults:2 | Found a basalt altar of Yredelemnul.
 51624 | Vaults:2 | Found an ancient bone altar of Kikubaaqudgha.
 52662 | Vaults:3 | Reached skill level 5 in Evocations
 53169 | Vaults:3 | Received a gift from Okawaru
 53520 | Vaults:3 | Reached skill level 23 in Fighting
 53616 | Vaults:3 | Reached skill level 1 in Necromancy
 53694 | Vaults:3 | Learned a level 6 spell: Deflect Missiles
 54043 | Vaults:3 | Reached skill level 1 in Air Magic
 54544 | Vaults:3 | Reached XP level 21. HP: 134/192 MP: 27/27
 54682 | Vaults:3 | Received a gift from Okawaru
 55143 | Vaults:3 | Reached skill level 5 in Air Magic
 55994 | Vaults:4 | Slain by an ettin

Vault maps used:
D:1:      dpeg_arrival_rhombi
D:3:      lemuel_doored_altar
D:4:      minmay_temple_entry_junction, first_ration, serial_rivers,
          chequers_serial_rivers_small_a, chequers_serial_rivers_small_3,
          chequers_serial_rivers_micro_d, chequers_serial_rivers_small_b,
          chequers_serial_rivers_micro_b, uniq_natasha
D:5:      uniq_menkaure, uniq_duvessa, uniq_ijyb, uniq_prince_ribbit1
D:7:      serial_bayou_lake_a
D:9:      kennysheep_windowed_halls, hangedman_ranch, uniq_grum
D:10:     dpeg_lair_monsters
D:11:     gammafunk_ghost_smash, minmay_misc_feat_hallway
D:12:     okawaru_arena_lexackson, orc_0_dummy
D:13:     serial_shops, kennysheep_mini_moat, basic_altar,
          grunt_dithmenos_shadows
D:14:     grunt_vaults_entry_fortified, kennysheep_cross_room
D:15:     hangedman_depths_entry_civil_slaughter, yredelemnul_altar_generic
Temple:   kilobyte_greek_temple
Lair:1:   lemuel_fruit_fields, serial_bayou_shore_b, serial_bayou_shore_a
Lair:2:   infiniplex_staircase_pool, uniq_urug
Lair:3:   minmay_shoals_entry_lonely_mermaid, dummy_spider_entry,
          lab_entry_generic, grunt_megastairs_1
Lair:4:   dpeg_oklob_1, serial_bayou_shore_b, grunt_megastairs_2
Lair:5:   grunt_megastairs_4, lemuel_fruit_tree, minmay_lair_oklob_chamber
Lair:6:   minmay_lair_end_enchanted_forest, minmay_slime_entry_pillars,
          wad_woods_antlair
Shoals:1: cheibrodos_shoals_gigantism, lightli_airlock
Shoals:3: nicolae_shoals_arrival_archipelago
Shoals:4: shoals_end_grunt_garden
Spider:1: hangedman_spider_tarantella_strand
Spider:3: nicolae_spider_shape
Spider:4: spider_rune_water
Orc:2:    st_orc_pillars, serial_shops, shop_statue, shop, shop, shop,
          nicolae_shop_crystal
Vaults:1: v_rooms_5, grunt_vaults_funneled_arena,
          nicolae_vaults_border_crossing, nicolae_vaults_triangles,
          grunt_vaults_twisty, ontoclasm_vaults_gateway, vaults_room_door_ring,
          nicolae_vaults_little_squares_3, nicolae_vaults_network_square,
          ontoclasm_vaults_loading_screen, ontoclasm_vaults_claustrophobia,
          nicolae_vaults_yaktaur_gun_rack, vaults_room_semicircle,
          vaults_dpeg_encased_lava
Vaults:2: vaults_room_hangedman_quadrants, minmay_crypt_entry_necro_gods,
          vaults_mumra_chevron, ontoclasm_vaults_eye, grunt_vaults_funnel,
          v_alt_pattern_2, vaults_dpeg_cross, v_misc_16, nicolae_vaults_theta,
          v_pattern_5, v_misc_28, nicolae_vaults_what_the_h,
          nicolae_vaults_specimen_jars, serial_shops, nicolae_shop_stone,
          uniq_nikola
Vaults:3: nicolae_vaults_network_periphery, nicolae_vaults_circle_grid_b,
          nicolae_vaults_branching_niches, ontoclasm_vaults_ring_large,
          v_pattern_1, nicolae_vaults_big_ls, nicolae_vaults_bisected_exclaves,
          nicolae_vaults_rhombus_5
Vaults:4: ontoclasm_vaults_fault, dpeg_vaults_waves, hangedman_vaults_stitches,
          ontoclasm_vaults_ring_square, vaults_room_hallway,
          ontoclasm_vaults_loading_screen, ontoclasm_vaults_decontamination,
          vaults_standard_mumra_lines, ontoclasm_vaults_hangar, v_misc_5,
          ontoclasm_vaults_pinch, v_pattern_2, nicolae_vaults_little_squares_2,
          nicolae_vaults_little_ls, nicolae_trove_entry_crystal, serial_shops,
          nicolae_shop_crystal
Lab:      nicolae_lab_checkerboard

Skill      XL: |  1  2  3  4  5  6  7  8  9 10 11 12 13 14 15 16 17 18 19 20 21 |
---------------+----------------------------------------------------------------+-----
Polearms       | 4 5 7 9 12 14 | 14.0
Charms         | 4 5 6 7 8 9 10 | 10.8
Spellcasting   | 3 |  3.0
Hexes          | 3 |  3.0
Shields        | 6 10 12 14 15 | 15.0
Dodging        | 6 9 14 15 | 15.9
Invocations    | 4 6 8 |  8.0
Armour         | 2 6 9 10 | 10.0
Fighting       | 7 11 13 15 19 21 23 | 23.0
Translocations | 5 |  5.0
Evocations     | 6 |  6.8
Necromancy     | 3 4 |  4.0
Air Magic      | 1 6 |  6.8

Action                   |  1- 3 |  4- 6 |  7- 9 | 10-12 | 13-15 | 16-18 | 19-21 || total
-------------------------+-------+-------+-------+-------+-------+-------+-------++-------
Melee: Spear             |   113 |   146 |       |       |       |       |       ||   259
       Trident           |       |     9 |   214 |   547 |  1582 |  2358 |  1607 ||  6317
       Tailslap          |       |     1 |     1 |       |     3 |    36 |    10 ||    51
       Demon trident     |       |       |       |       |       |       |   209 ||   209
       Punch             |       |       |       |       |       |       |     2 ||     2
 Fire: Arbalest          |       |       |       |       |       |       |     1 ||     1
 Cast: Infusion          |    16 |    11 |       |       |       |       |       ||    27
       Shroud of Golubri |     2 |     6 |     5 |    20 |    51 |    30 |    30 ||   144
       Song of Slaying   |       |     1 |     5 |     4 |    17 |    15 |    14 ||    56
       Spectral Weapon   |       |       |    10 |    16 |    35 |    23 |    31 ||   115
       Regeneration      |       |       |     3 |    11 |    43 |    33 |    33 ||   123
Invok: Heroism           |       |       |       |     3 |    14 |     4 |     3 ||    24
       Finesse           |       |       |       |       |       |     1 |     1 ||     2
Evoke: Wand              |       |       |       |       |     1 |     4 |       ||     5
       Lamp of fire      |       |       |       |       |       |       |     2 ||     2
  Use: Scroll            |     2 |     2 |     7 |    11 |    12 |    15 |    12 ||    61
       Potion            |       |       |       |     1 |     3 |     5 |       ||     9
 Stab: Sleeping          |     1 |       |     2 |     1 |    19 |     1 |       ||    24
       Distracted        |       |       |       |     2 |    10 |     8 |    16 ||    36
       Confused          |       |       |       |       |     3 |       |       ||     3
       Petrified         |       |       |       |       |       |       |     8 ||     8
       Petrifying        |       |       |       |       |       |       |     1 ||     1
  Eat: Chunk             |     4 |     6 |    13 |    20 |    37 |    46 |    34 ||   160
       Ration            |       |     1 |       |       |     7 |     4 |     3 ||    15
Armor: Leather armour    |    24 |    22 |    36 |   114 |   194 |       |       ||   390
       Troll leather arm |       |       |       |       |     2 |       |       ||     2
       Fire dragon scale |       |       |       |       |       |   714 |   297 ||  1011
Dodge: Dodged            |    50 |    59 |    63 |   178 |   651 |  1429 |   829 ||  3259
Block: Shield            |       |       |       |   132 |   651 |  1543 |   590 ||  2916

Table legend:
 A = Non-vault XP
 B = Vault XP
 C = Vault XP percentage of total XP
 D = Non-vault monster count
 E = Vault monster count
 F = Vault count percentage of total count
                 A         B        C        D         E       F
            +---------+---------+-------+---------+---------+-------
      Total |  332028 |  211622 |  38.9 |    1145 |     429 |  27.3
            +---------+---------+-------+---------+---------+-------
        D:1 |      27 |       0 |   0.0 |      15 |       0 |   0.0
        D:2 |      52 |       0 |   0.0 |      17 |       0 |   0.0
        D:3 |     146 |       0 |   0.0 |      24 |       0 |   0.0
        D:4 |     291 |     296 |  50.4 |      11 |       2 |  15.4
        D:5 |     499 |     435 |  46.6 |      27 |       4 |  12.9
        D:6 |     371 |       0 |   0.0 |      17 |       0 |   0.0
        D:7 |    1255 |       0 |   0.0 |      25 |       0 |   0.0
        D:8 |    1203 |       0 |   0.0 |      21 |       0 |   0.0
        D:9 |    2936 |    4663 |  61.4 |      33 |      29 |  46.8
       D:10 |    3473 |    2075 |  37.4 |      30 |       9 |  23.1
       D:11 |    5169 |       0 |   0.0 |      44 |       0 |   0.0
       D:12 |    7626 |       0 |   0.0 |      61 |       0 |   0.0
       D:13 |    5275 |      11 |   0.2 |      37 |       1 |   2.6
       D:14 |   15866 |    6962 |  30.5 |      46 |      10 |  17.9
       D:15 |   14524 |    4557 |  23.9 |      43 |       6 |  12.2
     Lair:1 |    5085 |       0 |   0.0 |      26 |       0 |   0.0
     Lair:2 |    7392 |     847 |  10.3 |      25 |       1 |   3.8
     Lair:3 |    6953 |     699 |   9.1 |      29 |       3 |   9.4
     Lair:4 |    4720 |     361 |   7.1 |      16 |       1 |   5.9
     Lair:5 |   12090 |    2342 |  16.2 |      36 |       6 |  14.3
     Lair:6 |   18843 |   14857 |  44.1 |      55 |      62 |  53.0
   Shoals:1 |   13358 |   11390 |  46.0 |      29 |      14 |  32.6
   Shoals:2 |   16636 |       0 |   0.0 |      35 |       0 |   0.0
   Shoals:3 |   10585 |       0 |   0.0 |      23 |       0 |   0.0
   Shoals:4 |    7272 |   16313 |  69.2 |      17 |      29 |  63.0
   Spider:1 |   20948 |     201 |   1.0 |      54 |       1 |   1.8
   Spider:2 |    8457 |       0 |   0.0 |      19 |       0 |   0.0
   Spider:3 |   13330 |    2520 |  15.9 |      35 |       8 |  18.6
   Spider:4 |   20542 |   22852 |  52.7 |      52 |      40 |  43.5
      Orc:1 |    3625 |       0 |   0.0 |      29 |       0 |   0.0
      Orc:2 |    2565 |   11332 |  81.5 |      28 |      61 |  68.5
   Vaults:1 |   18892 |   43480 |  69.7 |      33 |      60 |  64.5
   Vaults:2 |   19064 |   26377 |  58.0 |      30 |      25 |  45.5
   Vaults:3 |   47964 |   27627 |  36.5 |      87 |      40 |  31.5
   Vaults:4 |   13771 |   10936 |  44.3 |      35 |      15 |  30.0
        Lab |    1223 |     489 |  28.6 |       1 |       2 |  66.7
            +---------+---------+-------+---------+---------+-------
